Cogmind - Beta 14 @@@ ROGUE MODE // 2024.12.05 @ 17:00:23 Player: K.Ioz Result: Destroyed by G-47 Trooper with Particle Gun Performance ------------- Evolutions (2) 1000 Regions Visited (5) 1000 Robots Destroyed (104) 520 Value Destroyed (3254) 3254 Prototype IDs (2) 40 Alien Tech Used (0) 0 Bonus (221) 221 TOTAL SCORE: 6035 Bonus ------- High Alert Combat Kills 165 Follower Combat Kills 67 Friendly Fire -11 Cogmind --------- Core Integrity 0/550 Matter 300/300 Energy 100/100 System Corruption 0% Temperature Cool (18) Movement Core (50) Location -8/Materials Parts ------- > --- POWER (1) -------- (None) > --- PROPULSION (3) --- (None) > --- UTILITY (5) ------ Advanced Targeting Computer Core Analyzer > --- WEAPON (2) ------- (None) > --- INVENTORY (5) ---- Light Ion Engine Light Ion Engine High-capacity Matter Pod (200) Field Laser EMP Blaster Peak State ------------ > --- POWER ------------ Improved Ion Engine > --- PROPULSION ------- Light Treads Light Treads Improved Treads > --- UTILITY ---------- Cooling System Large Storage Unit Advanced Targeting Computer Core Analyzer Insulated Plating > --- WEAPON ----------- Improved EM Shotgun Beamcaster > --- INVENTORY -------- Improved Ion Engine Light Treads Light Treads Light Treads Light Treads High-capacity Matter Pod Signal Interpreter Advanced Targeting Computer Reactive Plating Field Laser Particle Cannon Heavy Assault Rifle Heavy Assault Rifle EMP Blaster Grenade Launcher [Rating: 29] Favorites ----------- Power Improved Ion Engine Engine Improved Ion Engine Propulsion Light Treads Treads Light Treads Utility Large Storage Unit Device Disposable Heat Sink Storage Large Storage Unit Processor Targeting Computer Protection Insulated Plating Weapon Light Assault Rifle Energy Gun Beamcaster Energy Cannon Beam Cannon Ballistic Gun Light Assault Rifle Launcher Grenade Launcher Build | -11 -10 -10 -9 -9 -8 ------- Run | Yrd Mat Min Mat Min Mat Slots Evolved 4 | . . . 2 . 2 Power . | . . . . . . Propulsion 1 | . . . . . 1 Utility 3 | . . . 2 . 1 Weapon . | . . . . . . Parts Attached 85 | 6 6 3 37 9 24 Power 9 | 1 . . 6 . 2 Engine 9 | 1 . . 6 . 2 Core . | . . . . . . Reactor . | . . . . . . Propulsion 15 | 2 . . 6 2 5 Treads 15 | 2 . . 6 2 5 Leg . | . . . . . . Wheel . | . . . . . . Hover . | . . . . . . Flight . | . . . . . . Utility 24 | 1 3 1 12 2 5 Device 7 | . 1 . 5 . 1 Storage 4 | 1 2 . 1 . . Processor 6 | . . 1 2 1 2 Hackware . | . . . . . . Protection 7 | . . . 4 1 2 Artifact . | . . . . . . Weapon 37 | 2 3 2 13 5 12 Energy Gun 5 | . . . 1 1 3 Energy Cannon 5 | . . . 2 2 1 Ballistic Gun 16 | 2 2 1 6 . 5 Ballistic Cannon . | . . . . . . Launcher 11 | . 1 1 4 2 3 Special Weapon . | . . . . . . Impact Weapon . | . . . . . . Slashing Weapon . | . . . . . . Piercing Weapon . | . . . . . . Special Melee Weapon . | . . . . . . Unidentified Prototypes 2 | . . . 1 . 1 Parts Lost 41 | . . . 14 6 21 Power 5 | . . . 2 1 2 Propulsion 14 | . . . 5 2 7 Utility 11 | . . . 3 1 7 Weapon 11 | . . . 4 2 5 Highest Loss Streak 13 | . . . 4 6 13 To Critical Strikes . | . . . . . . Average Slot Usage (%) 98 | . 99 100 99 99 91 Engine 11 | . 14 14 10 10 8 Treads 24 | . 28 28 21 22 25 Device 11 | . 13 13 10 11 8 Storage 11 | . 14 14 11 11 8 Processor 8 | . . . 11 11 14 Protection 6 | . . . 10 11 8 Energy Gun 3 | . . . 1 4 11 Energy Cannon 4 | . . . 8 6 . Ballistic Gun 15 | . 28 27 11 11 5 Peak Build Rating 29 | 6 10 10 17 21 29 Average Rating 14 | 4 9 9 13 18 25 On Entrance 9 | . 6 10 9 17 15 Naked Turns . | . . . . . . Heaviest Build 48 | 13 31 32 36 35 48 Greatest Support 63 | 40 40 40 43 46 63 Greatest Overweight (x) 6 | . . . 1 1 6 Average Overweight (x) . | . . . . . . Largest Inventory Capacity 15 | 8 15 15 15 15 15 Average Capacity 14 | 6 14 15 15 15 14 Most Carried 15 | 6 15 15 15 15 15 Average Carried 14 | 3 13 14 14 14 12 Final Capacity 15 | 8 15 15 15 15 5 Final Carried 15 | 6 15 15 15 12 5 Class Distribution -------------------- 66% | Mutant 33% | Scavenger-Mutant Dominant Class ---------------- Mutant | -10/Materials Mutant | -10/Mines Mutant | -9/Materials Mutant | -9/Mines Scavenger-Mutant | -8/Materials Resources | -11 -10 -10 -9 -9 -8 ----------- Run | Yrd Mat Min Mat Min Mat Matter Collected 2446 | 217 334 192 977 313 413 Remotely . | . . . . . . Salvage Created 3831 | . 278 82 1460 401 1610 Parts 256 | . 29 5 105 25 92 Haulers Intercepted . | . . . . . . Recyclers Shooed 1 | . . . 1 . . Parts Field Recycled . | . . . . . . Retrieved Matter . | . . . . . . Parts Self-Destructed . | . . . . . . Prevented . | . . . . . . Kills | -11 -10 -10 -9 -9 -8 ------- Run | Yrd Mat Min Mat Min Mat Combat Hostiles Destroyed 89 | . 11 3 37 9 29 Guns 54 | . 8 3 15 5 23 Cannons 13 | . . . 12 . 1 AOE 22 | . 3 . 10 4 5 Classes Destroyed 11 | . 4 . 4 1 2 Worker 2 | . 1 . . . 1 Builder 1 | . . . 1 . . Recycler 2 | . . . 1 . 1 Operator 1 | . . . . . 1 Watcher 9 | . 2 . 5 . 2 Swarmer 22 | . 6 1 10 . 5 Grunt 46 | . 5 2 17 7 15 Brawler 3 | . . . . 2 1 Duelist 2 | . . . 1 . 1 Sentry 14 | . . . 9 . 5 Specialist 2 | . . . . . 2 Best Kill Streak 9 | . 3 2 5 3 9 Combat Bots Only 7 | . 3 2 5 3 7 Max Kills in Single Turn 4 | . 3 1 4 2 3 Gunslinging . | . . . . . . Exploded 3 | . 3 . 3 2 3 Melee . | . . . . . . Uniques/NPCs Destroyed . | . . . . . . Combat | -11 -10 -10 -9 -9 -8 -------- Run | Yrd Mat Min Mat Min Mat Hostile Shots Fired 487 | . 36 6 200 29 216 Missed 113 | . 9 1 40 4 59 Damage Taken 5776 | . 316 49 1980 735 2696 Core 980 | . 75 . 260 82 563 Absorbed by Shields . | . . . . . . Ignored by Resistances 27 | . . . . . 27 Core Remaining (%) 61 | 100 . 70 . 14 . Volleys Fired 245 | . 30 5 117 12 81 Largest 2 | . 2 2 2 2 2 Hottest 120 | . 53 43 83 80 120 Shots Fired 489 | . 60 11 232 27 159 Gun 376 | . 58 11 144 17 146 Cannon 96 | . . . 83 5 8 Launcher 17 | . 2 . 5 5 5 Special . | . . . . . . Kinetic 258 | . 58 11 115 13 61 Thermal 147 | . . . 83 5 59 Explosive 8 | . 2 . 5 . 1 Electromagnetic 76 | . . . 29 9 38 Robot Hit Streak 27 | . 4 12 18 15 27 Robot Miss Streak 7 | . 7 1 5 2 3 Penetration Max . | . . . . . . Secondary Targets 2 | . . . . 1 1 Max Gunslinging Chain 1 | . . . . 1 1 Shots Hit Robots 357 | . 35 7 160 21 134 Core Hits 184 | . 22 6 63 14 79 Critical Kills 2 | . 1 1 . . . Critical Parts Destroyed . | . . . . . . Critical Strikes 6 | . 1 1 1 . 3 Burn 3 | . . . . . 3 Destroy 2 | . 1 1 . . . Corrupt 1 | . . . 1 . . Melee Attacks . | . . . . . . Impact . | . . . . . . Slashing . | . . . . . . Piercing . | . . . . . . Sneak Attacks . | . . . . . . Combat Hostiles . | . . . . . . Follow-up Attacks . | . . . . . . Damage Inflicted 7052 | . 506 133 2910 471 3032 Guns 4186 | . 440 133 1224 139 2250 Cannons 1439 | . . . 1203 70 166 Explosions 1389 | . 66 . 468 262 593 Melee . | . . . . . . Ramming 38 | . . . 15 . 23 Kinetic 2309 | . 440 133 940 74 722 Thermal 2601 | . . . 1203 181 1217 Explosive 606 | . 66 . 468 . 72 Electromagnetic 1498 | . . . 284 216 998 Impact . | . . . . . . Slashing . | . . . . . . Piercing . | . . . . . . Highest Corruption 5 | . 2 2 5 5 . Average Corruption 4 | . 2 2 5 5 . Corruption Purged . | . . . . . . Corruption Blocked . | . . . . . . Effects 129 | . 3 18 89 19 . Message Errors 34 | . 1 4 25 4 . Matter Fused 37 | . . 7 26 4 . Heat Flow Errors 17 | . 1 1 13 2 . Energy Discharges 17 | . 1 2 12 2 . Parts Rejected 1 | . . . 1 . . Parts Fused 2 | . . 1 1 . . Data Loss (minor) 9 | . . . 7 2 . Data Loss (major) 4 | . . 2 2 . . Misfires 6 | . . 1 2 3 . Alerts 2 | . . . . 2 . Overload Shots . | . . . . . . Overflow Damage 80 | . . . 32 . 48 Projectiles . | . . . . . . Explosions 80 | . . . 32 . 48 Melee . | . . . . . . Knockbacks . | . . . . . . Impact . | . . . . . . Kinetic . | . . . . . . Secondary . | . . . . . . Self-Inflicted Damage 154 | . 40 . 29 31 54 Shots 7 | . 2 . 1 1 3 Rammed 6 | . . . 3 . 3 Targets Rammed 6 | . . . 3 . 3 Kicked . | . . . . . . Crushed . | . . . . . . Highest Temperature 407 | . 126 183 268 203 407 Average Temperature 76 | . 34 98 62 41 154 Received Heat Transfer 2034 | . 108 21 642 93 1170 Effects 1 | . . . . . 1 Matter Decay 1 | . . . . . 1 Siege Activations . | . . . . . . Robots Corrupted . | . . . . . . Combat Hostiles . | . . . . . . Parts Fried 4 | . . . 2 . 2 Impact Corruptions . | . . . . . . Robots Melted . | . . . . . . Combat Hostiles . | . . . . . . Parts Melted 4 | . . . 4 . . Heat Transferred 4943 | . . . 2479 298 2166 Parts Sabotaged . | . . . . . . Parts Stolen . | . . . . . . Parts Stripped . | . . . . . . Power Chain Reactions 5 | . . . . 3 2 Alert | -11 -10 -10 -9 -9 -8 ------- Run | Yrd Mat Min Mat Min Mat Peak Influence 519 | . 175 116 489 197 519 Initial 49 | . . 2 . 49 5 Average 193 | . 58 43 329 96 180 Maximum Alert Level 2 | . . . 2 . 2 Low Security (%) 58 | 100 100 100 14 100 68 Level 1 25 | . . . 55 . 9 Level 2 16 | . . . 29 . 22 Level 3 . | . . . . . . Level 4 . | . . . . . . Level 5 . | . . . . . . High Security . | . . . . . . Max Security . | . . . . . . Squads Dispatched 13 | . 3 . 5 . 5 Investigation 2 | . 1 . 1 . . Extermination . | . . . . . . Reinforcement 9 | . 2 . 4 . 3 Assault 2 | . . . . . 2 Garrison . | . . . . . . Intercept . | . . . . . . Searches Triggered . | . . . . . . Construction Impeded . | . . . . . . Haulers Reinforced . | . . . . . . Active Scanning Responses . | . . . . . . Cargo Convoy Interrupts . | . . . . . . Stealth | -11 -10 -10 -9 -9 -8 --------- Run | Yrd Mat Min Mat Min Mat Distress Signals 11 | . 2 . 5 . 4 Communications Jammed . | . . . . . . Distress Signals . | . . . . . . Times Spotted 153 | . 23 3 53 11 63 Peak Tracking Total 10 | . 4 2 5 3 10 Tactical Retreats 11 | . 1 . 4 1 5 Traps | -11 -10 -10 -9 -9 -8 ------- Run | Yrd Mat Min Mat Min Mat Traps Triggered 3 | . 2 . 1 . . Indirectly . | . . . . . . Trap Hack Attempts . | . . . . . . Triggered . | . . . . . . Disarmed 6 | . . . 6 . . Reprogrammed . | . . . . . . Reused . | . . . . . . Traps Extracted . | . . . . . . Installed . | . . . . . . Triggered . | . . . . . . Machines | -11 -10 -10 -9 -9 -8 ---------- Run | Yrd Mat Min Mat Min Mat Machines Disabled 5 | . 1 . 1 1 2 Max in Single Turn 1 | . 1 . 1 . 1 Machines Repaired . | . . . . . . Machines Dismantled . | . . . . . . Machines Sabotaged . | . . . . . . Overloaded Fab Kills . | . . . . . . Hacking | -11 -10 -10 -9 -9 -8 --------- Run | Yrd Mat Min Mat Min Mat Machines Accessed 17 | . 4 . 7 . 6 Terminals 17 | . 4 . 7 . 6 Fabricators . | . . . . . . Repair Stations . | . . . . . . Recycling Units . | . . . . . . Scanalyzers . | . . . . . . Garrison Access . | . . . . . . Total Hacks 68 | . 13 . 36 . 19 Successful 44 | . 9 . 23 . 12 Failed 24 | . 4 . 13 . 7 Catastrophic 1 | . . . 1 . . Database Lockouts . | . . . . . . Manual 57 | . 13 . 25 . 19 Terminals 68 | . 13 . 36 . 19 Fabricators . | . . . . . . Repair Stations . | . . . . . . Recycling Units . | . . . . . . Scanalyzers . | . . . . . . Garrison Access . | . . . . . . Terminal Hacks 14 | . 3 . 11 . . Part Schematic 2 | . 1 . 1 . . Robot Analysis 4 | . 2 . 2 . . Branch Access Points 1 | . . . 1 . . Unreport Threat 2 | . . . 2 . . Disarm Traps 1 | . . . 1 . . Dispatch Records 1 | . . . 1 . . Security Status 1 | . . . 1 . . Assault Status 1 | . . . 1 . . Recall Reinforcements 1 | . . . 1 . . Fabricator Hacks . | . . . . . . Repair Station Hacks . | . . . . . . Recycling Unit Hacks . | . . . . . . Scanalyzer . | . . . . . . Garrison Access Hacks . | . . . . . . Unauthorized Hacks 30 | . 6 . 12 . 12 Terminals 30 | . 6 . 12 . 12 Assimilate 1 | . . . 1 . . Botnet 15 | . 3 . 6 . 6 Skim 14 | . 3 . 5 . 6 Fabricators . | . . . . . . Repair Stations . | . . . . . . Recycling Units . | . . . . . . Scanalyzers . | . . . . . . Garrison Access . | . . . . . . Data Cores Recovered . | . . . . . . Used . | . . . . . . Hacking Detections 13 | . 4 . 5 . 4 Full Trace Events . | . . . . . . Feedback Events . | . . . . . . Feedback Blocked . | . . . . . . Robot Schematics Acquired . | . . . . . . Robots Built . | . . . . . . Authchips . | . . . . . . Time . | . . . . . . Total Robot Build Rating . | . . . . . . Part Schematics Acquired 2 | . 1 . 1 . . Parts Built . | . . . . . . Authchips . | . . . . . . Time . | . . . . . . Total Part Build Rating . | . . . . . . Parts Repaired . | . . . . . . Time . | . . . . . . Parts Recycled . | . . . . . . Recycled Matter . | . . . . . . Retrieved Matter . | . . . . . . Retrieved Components . | . . . . . . Parts Scanalyzed . | . . . . . . Part Schematics Acquired . | . . . . . . Parts Damaged . | . . . . . . Bothacking | -11 -10 -10 -9 -9 -8 ------------ Run | Yrd Mat Min Mat Min Mat Used RIF Installer . | . . . . . . Robots Hacked . | . . . . . . Non-combat . | . . . . . . Combat . | . . . . . . Robot Hacks Applied . | . . . . . . Relay Couplers Released . | . . . . . . Fabnet Peak Effective % . | . . . . . . Robots Rewired . | . . . . . . Allies Hacked . | . . . . . . Hacks Repelled . | . . . . . . Allies | -11 -10 -10 -9 -9 -8 -------- Run | Yrd Mat Min Mat Min Mat Total Allies 7 | . . 3 1 3 . Largest Group 3 | . . 3 2 3 . Highest-Rated Group 67 | . . 40 24 67 . Highest-Rated Ally 31 | . . 16 16 31 . Total Orders 11 | . . . 10 1 . STAY 6 | . . . 5 1 . FOLLOW 5 | . . . 5 . . Ally Attacks 37 | . . 21 4 12 . Total Damage 393 | . . 169 53 171 . Kills 8 | . . 6 1 1 . Allies Corrupted . | . . . . . . Allies Melted . | . . . . . . Intel | -11 -10 -10 -9 -9 -8 ------- Run | Yrd Mat Min Mat Min Mat Robot Analysis Total 4 | . 2 . 2 . . Derelict Logs Recovered 2 | . . 1 . 1 . Drone Launches . | . . . . . . Drone Recoveries . | . . . . . . Exploration | -11 -10 -10 -9 -9 -8 ------------- Run | Yrd Mat Min Mat Min Mat Turns Passed 8629 | 111 1234 1365 3642 864 1413 Spaces Moved 4245 | 57 618 708 1789 472 601 Core 58 | 2 . . . . 56 Treads 4187 | 55 618 708 1789 472 545 Legs . | . . . . . . Wheels . | . . . . . . Hover . | . . . . . . Flight . | . . . . . . Fastest Speed 50 | 50 160 160 160 160 50 Average Speed 159 | 156 160 160 160 160 154 Slowest Speed 350 | 160 160 160 240 240 350 Overloaded Moves . | . . . . . . Propulsion Burnouts . | . . . . . . Robots Hopped . | . . . . . . Cave-ins Triggered . | . . . . . . Exploration Rate (%) 69 | 6 86 98 92 83 50 Regions Visited 5 Branch Regions 2 Pre-discovered Areas 2 | . . 1 1 . . Known Exits Taken 3 | . . 1 1 1 . Unknown Exits Taken 2 | 1 1 . . . . Scrap Searched 5 | . . 3 . 2 . Spaces Dug . | . . . . . . Terrain Destroyed 75 | . 6 . 35 18 16 Melee . | . . . . . . Projectile . | . . . . . . AOE 75 | . 6 . 35 18 16 Terrain Rammed . | . . . . . . Walls Destroyed . | . . . . . . Machines Disabled . | . . . . . . Actions | -11 -10 -10 -9 -9 -8 --------- Run | Yrd Mat Min Mat Min Mat Total 5642 | 76 806 929 2347 558 926 Wait 947 | 8 121 212 348 60 198 Move 4240 | 56 617 707 1788 471 601 Hop . | . . . . . . Pick Up 76 | 6 20 1 31 3 15 Fast Attach 16 | 6 3 . 6 . 1 Attach 41 | . . . 20 4 17 Detach 6 | . 1 . 4 1 . Swap 28 | . 3 3 11 5 6 Drop 37 | . 11 1 19 2 4 Fire 245 | . 30 5 117 12 81 Melee . | . . . . . . Ram . | . . . . . . Kick . | . . . . . . Crush 6 | . . . 3 . 3 Escape Stasis . | . . . . . . Rewire . | . . . . . . Trap . | . . . . . . Miscellaneous . | . . . . . . Route ------- -11/Scrapyard -10/Materials (discovered 3 exits: *Mat x2 / [*Min]) -10/Mines (discovered 3 exits: *Mat x2 / [*Exi]) -9/Materials (discovered 5 exits: *Mat x3 / *Min x2) -9/Mines (discovered 2 exits: *Mat x2) -8/Materials (discovered 2 exits: Fac / *Sto) History --------- Turn | Location | Event 9 | -11/Scrapyard | Discovered new exit (range 15) 112 | -11/Scrapyard | Entered Materials 313 | -10/Materials | Build established: Mutant 809 | -10/Materials | Discovered new exit (range 8) 952 | -10/Materials | Discovered new exit (range 12) 1125 | -10/Materials | Discovered new exit (range 6) 1346 | -10/Materials | Entered Mines 1369 | -10/Mines | Met a Derelict bent on vengeance 1541 | -10/Mines | Assisted by bots powering up and referring to "LRC-V3" 1641 | -10/Mines | YI-UF0 nonchalantly dropped a Grenade Launcher on the ground 1681 | -10/Mines | Deemed a non-threat by the Exiles lab entrance 1683 | -10/Mines | Discovered new exit (range 5) 1720 | -10/Mines | Discovered new exit (range 9) 1752 | -10/Mines | Discovered new exit (range 9) 2139 | -10/Mines | Learned 4 Materials zone layouts 2366 | -10/Mines | Learned location of Storage (-8) 2674 | -10/Mines | Identified exit to Materials 2711 | -10/Mines | Entered Materials 2711 | -9/Materials | Accompanied by 2 allies 2711 | -9/Materials | Evolved 2 slots: Utility x2 2712 | -9/Materials | Identified exit to Materials 3626 | -9/Materials | Discovered new exit (range 16) 3663 | -9/Materials | Discovered new exit (range 15) 3770 | -9/Materials | Lost 4 parts (1p2n1w) 3861 | -9/Materials | Core integrity fell below 50% 4013 | -9/Materials | Build established: Scavenger-Mutant 4567 | -9/Materials | Discovered exit to Materials (range 6) 5670 | -9/Materials | Discovered exit to Materials (range 16) 5695 | -9/Materials | Build established: Mutant 6161 | -9/Materials | Learned location of Zion (-6) 6267 | -9/Materials | Identified exit to Mines 6298 | -9/Materials | Learned Storage stockpile data 6323 | -9/Materials | Learned 2 Materials zone layouts 6339 | -9/Materials | Learned Storage stockpile data 6353 | -9/Materials | Entered Mines 6353 | -9/Mines | Accompanied by 1 ally 6381 | -9/Mines | Discovered exit to Materials (range 5) 6433 | -9/Mines | Learned Materials machine intel 6581 | -9/Mines | Discovered exit to Materials (range 14) 7053 | -9/Mines | Found a hidden stash of uninstalled traps 7124 | -9/Mines | Received a Mining Laser from a helpful Derelict 7133 | -9/Mines | Assembled infested the area 7138 | -9/Mines | Assisted by a Guerilla fighting off Assembled 7174 | -9/Mines | Core integrity fell below 20% 7217 | -9/Mines | Entered Materials 7217 | -8/Materials | Evolved 2 slots: Propulsion x1, Utility x1 7218 | -8/Materials | Identified exit to Storage 7220 | -8/Materials | Loaded intel: 51 machine locations 7241 | -8/Materials | Lost 6 parts (1p2n1u2w) 7486 | -8/Materials | Build established: Scavenger-Mutant 8286 | -8/Materials | Destroyed 7 combat bots 8311 | -8/Materials | Lost 4 parts (3n1w) 8417 | -8/Materials | First assault squad dispatched 8534 | -8/Materials | Learned 4 Lower Caves zone layouts 8582 | -8/Materials | Core integrity fell below 50% 8597 | -8/Materials | Identified exit to Factory 8627 | -8/Materials | Core integrity fell below 20% 8630 | -8/Materials | Destroyed by G-47 Trooper with Particle Gun Last Messages --------------- 08563_ K-01 Serf collects debris. 08564_ U-05 Engineer builds a Door. 08565_ Lgt. Treads destroyed. 08566_ Lgt. Armor Plating destroyed. 08566_ Lgt. Treads destroyed. 08567_ Overheating: Matter decay (-39). 08567_ Hvy. Assault Rifle severed. 08568_ Imp. Ion Engine destroyed. 08572_ Particle Cannon destroyed. 08581_ Acquired 64 matter. 08591_ K-01 Serf cleans the Electrolysis Chamber. 08597_ >> SKIM: Loading 1 Materials exit... 08597_ K-01 Serf cleans the Electrolysis Chamber. 08600_ Lrg. Storage Unit destroyed. 08600_ Adv. Targeting Computer destroyed. 08604_ L-31 Rogue destroyed. 08604_ K-01 Serf cleans the Electrolysis Chamber. Map ----- +----------------------------------------------------+ | ??????????? ###### """ #????????????? | | ??????????????????????# """ #????????????? | | ???????################ """ #????????????? | | ???????# = ! ## #????????????? | | ???????# ## #????"""?????? | | ???????# """ """ """ ## ! """ #????"""?????? | | ???????# """ """ """ ## """ #????"""?????? | | ???????# """ """ """ ## """ #????"""?????? | | ???????# ## #????"""?????? | | ???????#######+######## #????????????? | | ???????????# #????# """ #????????????? | | ???????????# ###### """ #####?????????? | | ???????????# """ ????????? | | ???????????# ####### ????????? | | ???????????# #?????# ????????? | | ???????????## ##?????# " " ###???????????? | | ????????????# ######?# """ ##?????????????? | | ????????????# #? # """ ###????????????? | | ????????????# #??? # ""#????????????? | | ??########### #????? /k T"#????????????? | | ?## ## #??????# """ ""#????????????? | | ?# [[! ## ##?????# """ ###????????????? | | ??# [!! # ####### """ #??????????????? | | ??# [!! !!# ] #??????????????? | | ??# %+ #?"""??????????? | | ??# "" """ # @g""" #?"""??????????? | | ### "T """ # #######ggk""" +?"""??????????? | | # "" """ #######?????# "" #??????????????? | | T # #???????????# # #???????? | | ###################### ########???????? | | # #??????????????? | | + #??????????????? | | # #??????????????? | | !# ######### ###########"T"###% #??????????????? | | # #?????? #?????########## #??????????????? | | ### #???? # #?????# # #??????????????? | | ??# #?? ######?????#""" # ################ | | ###*# #??????????#""" !# | | =[%!+ " " #??????????#""" %+ | | ###!# "T" #??????????# # | | ??#%#?""" #??????????#""" ###########+######## | | ??#=#????##??????????#""" ######### #???? | | ??#=#????????????????#""" ! # # #???? | | ??#%#????????????????# % # ] # #???? | | ??#!#????#######?????######/### """ # #???? | | ??# #????# ############*### """ !# !! #???? | | ### ###### #]""" # != #???? | | > + !########???? | | ########## # """ #??????????? | | ?????????# ################ """ #??????????? | +----------------------------------------------------+ Best States ------------- Heat Dissipation 53 Coolant Potential 50 Energy Generation 12 Energy Capacity 265 Matter Stores 300 Matter Capacity 300 Sight Range 16 Terrain Scan Density 10 Armor Coverage 150 Resistance: KI 20 Resistance: EM 15 Evasion (%) 50 Targeting Accuracy 16 Core Analysis 6 Recoil Reduction 3 Item Schematics ----------------- Hcp. Storage Unit | -10/Materials | Hacked Imp. Treads | -9/Materials | Hacked Robot Schematics ------------------ None Fabricated ------------ Nothing Alien Tech Used ----------------- None Achievements -------------- None Challenges ------------ None Game ------ Seed MinesnifferResetSuite Manual? 0 Play Time 01:12:33 Cumulative 194.8 hours Start 2024.12.05 @ 15:45:45 End 2024.12.05 @ 17:00:23 Sessions 1 Manual Loads 0 Difficulty Rogue Special Mode None Game No. 149 Rogue 116 Adventurer 0 Explorer 33 Win Type - Total 4 Types 4/0/0/0/0/0/0/0/0 Lore% 37 Gallery% 59 Achievement% 58 Wizard Run 0 Options --------- Layout 1 ASCII 0 Keyboard 1 Movement Vi Keybinds 0 Fullscreen 1 Font 24/Swanston Map View 50x35 Zoom Use 0% Tactical HUD 1 Map Filters NONE Filters LOW_CONTRAST(47,30,31) Steam 1 RUN: 7a0ae13d-76a3-4526-ac54-f631412264d5